[Event "FRA-ch Teams Top 16-B 2022"]
[Site "Chartres"]
[Date "2022.06.11"]
[Round "3.20"]
[White "Van Foreest, Jorden"]
[Black "Papadiamandis, Elliot"]
[Result "1-0"]
[ECO "B90"]
[WhiteElo "2715"]
[BlackElo "2373"]
[Annotator "TA"]
[PlyCount "78"]
[EventDate "2022.06.09"]
[EventType "team-tourn"]
[EventCountry "FRA"]
[SourceTitle "playchess.com"]
[Source "ChessBase"]
[SourceQuality "1"]
[TimeControl "40/5400+30:1800+30"]

1. e4 c5 2. Nf3 d6 3. d4 cxd4 4. Nxd4 Nf6 5. Nc3 a6 6. a4 e5 7. Nf3 Be7 {[%emt 0:01:07] 7...Be7 scores better than 7...Qc7.} 8. Bg5 Be6 {[%emt 0:02:32] B90: Sicilian Najdorf: Unusual White 6th moves, 6 Be3 Ng4 and 6 Be3 e5.} 9. Bxf6 Bxf6 10. Nd5 {[%emt 0:00:08] Inhibits Qb6.} Nd7 {[%emt 0:04:00] The position is equal.} 11. Bc4 Rc8 12. b3 O-O 13. O-O Bg5 14. Nxg5 Qxg5 15. Ne3 Qe7 16. Re1 {[%emt 0:07:14] [#]} Nb6 $146 ({Predecessor:} 16... Nf6 17. Qd3 Rfd8 18. a5 g6 19. Bxe6 Qxe6 20. c4 Kg7 21. Ra4 Rc5 22. h3 Qc8 {½-½ (37) Hou,Y (2589)-Ju,W (2500) Hefei 2010}) 17. Bxe6 fxe6 18. Qd2 Rfd8 19. Rad1 d5 20. Qa5 Qc5 21. Qxc5 Rxc5 22. exd5 exd5 {[%emt 0:00:30] [#]} 23. c4 (23. b4 $1 $16 Rcc8 24. a5) 23... Rd7 {[%emt 0:06:09] [#]} (23... d4 $14) 24. cxd5 $1 $16 a5 25. d6 $36 {[%emt 0:00:42][%mdl 2048] White is in control.} Kf7 26. Rc1 ({Better is} 26. f4) 26... Rxc1 27. Rxc1 Rxd6 {[%emt 0:01:45][%mdl 4096] Endgame KRN-KRN} 28. Rc7+ Rd7 29. Rc5 Rd3 (29... Rd4 $16) 30. Rb5 $18 ({Stronger than} 30. Rxa5 Rxb3 31. g3 Ke6 $11) 30... Nd7 31. Rxb7 Ke6 32. h4 Nc5 33. Rxg7 Rxb3 34. Rxh7 Nxa4 (34... Rb1+ $142 35. Kh2 Rb4 36. Rh6+ Kd7) 35. Rh6+ Kf7 36. Ra6 Nc5 37. Rxa5 {[%emt 0:00:13] White is clearly winning.} Nd3 38. Ng4 Ke6 39. Ra6+ Kd5 {[%emt 0:01:49] Weighted Error Value: White=0.05 (flawless) /Black=0.26 (precise)} 1-0

[Event "FRA-ch Teams Top 16-B 2022"]
[Site "Chartres"]
[Date "2022.06.11"]
[Round "3.21"]
[White "Rakotomaharo, Fy Antenaina"]
[Black "Delorme, Axel"]
[Result "1-0"]
[ECO "B45"]
[WhiteElo "2467"]
[BlackElo "2461"]
[Annotator "TA"]
[PlyCount "107"]
[EventDate "2022.06.09"]
[EventType "team-tourn"]
[EventCountry "FRA"]
[SourceTitle "playchess.com"]
[Source "ChessBase"]
[SourceQuality "1"]
[TimeControl "40/5400+30:1800+30"]

1. e4 c5 2. Nf3 e6 3. d4 cxd4 4. Nxd4 Nf6 5. Nc3 Nc6 6. Nxc6 bxc6 7. e5 Nd5 8. Ne4 Bb7 9. c4 {[%emt 0:12:23] B45: Sicilian Four Knights.} Nb4 10. Bf4 c5 11. Bd3 {[%emt 0:12:43] The position is equal.} (11. Bg5 $2 Qb8 12. Nc3 (12. Nd6+ $2 Bxd6 13. Qxd6 Nc2+ 14. Kd2 Qxd6+ 15. exd6 Nxa1 $17) 12... Qxe5+ 13. Be3 Be7 $19) 11... Qh4 12. g3 Qh3 {[%emt 0:14:49] [#] White must now prevent ...Qg2.} 13. Qe2 $146 ({Predecessor:} 13. Qf3 Rb8 14. a3 Nxd3+ 15. Qxd3 Be7 16. Nd6+ Kf8 17. Nxb7 Qg2 18. O-O-O Rxb7 19. Bd2 {1-0 (55) Lima,D (2535)-Sosa Harrison,J (2346) Buenos Aires 2005}) 13... Be7 14. f3 O-O 15. O-O-O Nxa2+ 16. Kb1 Nb4 17. Nf2 Qh5 18. g4 Qh4 19. Be4 Bxe4+ 20. fxe4 (20. Nxe4 $11 {keeps the balance.} Rfd8 21. Be3) 20... f6 ({Black should try} 20... Rad8 $17) 21. Bg3 $11 Qh6 22. Rxd7 Nc6 23. h4 fxe5 24. g5 Qg6 25. Qg4 Kh8 (25... Rab8 $11) 26. Rc7 (26. Rhd1 $14) 26... Rac8 27. Rxc8 Rxc8 28. h5 Qxg5 29. Qxe6 Rf8 30. Bh4 {[%emt 0:04:48] [#]} (30. Rg1 $1 $11 Qf6 31. Qxf6 gxf6 32. Ng4) 30... Qf4 $2 31. Bxe7 $14 Nxe7 32. Qxe7 Qxf2 {[%emt 0:00:13][%mdl 4096] Endgame KQR-KQR} 33. h6 Qf6 {[%emt 0:00:58] This move loses the game for Black.} ({Black should play} 33... gxh6 $14 34. Qxe5+ Kg8) 34. hxg7+ $18 (34. Qxc5 g5 $11) (34. Qxa7 g5 $11) 34... Qxg7 35. Qxc5 Re8 $2 (35... h6 {was worth a try.} 36. Rg1 Qf6 37. Qxa7 Rg8) 36. Qc6 Rd8 37. Qe6 {[%emt 0:00:22] Against Qf7. Strongly threatening c5.} Rb8 $2 (37... Rf8 38. c5 Qf6 39. Qxf6+ Rxf6) 38. Rd1 {[%emt 0:01:03] And now c5 would win.} Qg5 39. Rd5 (39. c5 $142 {c6 is the strong threat.} Qf4 40. Ka2) 39... Rd8 $2 (39... Rf8 {was called for.} 40. Rxe5 (40. Qxe5+ Qxe5 41. Rxe5 Rc8 $16) 40... Qg1+ 41. Ka2 Qb6) 40. Rxe5 Qg1+ 41. Ka2 {[%emt 0:30:17] Qf6+ would kill now.} Qb6 42. Qf7 Qc6 43. Kb1 Rd1+ $2 (43... Rg8 44. Qf2 (44. Re7 Rg1+ 45. Kc2 Qa4+ 46. Kc3 Rg3+ 47. Kd4 Qd1+ 48. Kc5 Qg1+ 49. Kc6 Qb6+ 50. Kd7 Rd3+ 51. Qd5 Rxd5+ $19) 44... Qd6) 44. Kc2 Rd8 {[%emt 0:00:38] Prevents Qf8+.} 45. Kc3 ({Weaker is} 45. Re7 Qa4+ 46. b3 (46. Kc3 Qa5+ 47. Kc2 Qa4+ 48. b3 Qa2+ 49. Kc1 Qa1+ 50. Kc2 Qa2+ 51. Kc1 Qa1+ 52. Kc2 Qa2+ $11) 46... Qa2+ 47. Kc1 Qa1+ 48. Kc2 Qa2+ 49. Kc1 Qa3+ 50. Kc2 Qa2+ $11) 45... Qb6 $2 (45... Qg6 46. Qxg6 hxg6) 46. Re8+ {[%emt 0:00:00] White is clearly winning.} Rxe8 47. Qxe8+ {[%emt 0:00:00] KQ-KQ} Kg7 48. Qe5+ Kg6 49. Qf5+ Kg7 50. Qg5+ Kf7 51. Qd5+ Kg6 (51... Ke7 $142 52. c5 Qa5+ 53. Kc2 Qa4+ 54. Kc3 Qa5+ 55. Kc4 Qa2+ 56. Kb5 Qxb2+ 57. Kc6 a5 58. Qd7+ Kf8 59. Qd8+ (59. Qxh7 a4 $16) 59... Kg7 60. Qxa5 Kg6) 52. c5 Qa5+ 53. Kc2 (53. b4 $142 Qa1+ 54. Kb3) 53... Qa4+ 54. Kb1 {[%emt 0:00:00] Weighted Error Value: White=0.38/Black=0.57} 1-0

[Event "FRA-ch Teams Top 16-B 2022"]
[Site "Chartres"]
[Date "2022.06.11"]
[Round "3.22"]
[White "Hamdouchi, Hicham"]
[Black "Riff, Jean-Noel"]
[Result "1/2-1/2"]
[ECO "C45"]
[WhiteElo "2536"]
[BlackElo "2444"]
[Annotator "TA"]
[PlyCount "66"]
[EventDate "2022.06.09"]
[EventType "team-tourn"]
[EventCountry "FRA"]
[SourceTitle "playchess.com"]
[Source "ChessBase"]
[SourceQuality "1"]
[TimeControl "40/5400+30:1800+30"]

1. e4 e5 2. Nf3 Nc6 3. d4 exd4 4. Nxd4 Nf6 5. Nxc6 bxc6 6. Qe2 {[%emt 0:00:23] C45: Scotch Game.} a5 7. e5 Nd5 8. c4 Bb4+ 9. Nd2 Nf4 10. Qe3 Ne6 11. Bd3 d5 12. exd6 cxd6 13. O-O d5 {[%emt 0:04:04] [#]} 14. cxd5 $146 ({Predecessor:} 14. Nf3 O-O 15. Ne5 Qd6 16. Qg3 Nc5 17. Bf4 Qf6 18. cxd5 cxd5 19. a3 Nxd3 20. Nxd3 {½-½ (58) Swiercz,D (2608)-Ragger,M (2632) Saint Quentin 2014}) 14... cxd5 15. Bb5+ Bd7 16. Bxd7+ (16. Bd3 {keeps more tension.} O-O 17. Nf3 Bd6 18. Ne5) 16... Qxd7 17. Nf3 O-O 18. Qd3 d4 19. Ng5 Nxg5 20. Bxg5 Qd5 21. Bf4 (21. Be3 $5 ) 21... Be7 22. Rfe1 Bf6 23. a4 Ra7 24. Qb5 Qxb5 25. axb5 Rb7 26. Rxa5 h6 27. Kf1 g5 {[%emt 0:07:51] [#]} (27... Kh7 $14) 28. Be5 {[%emt 0:09:24] White is more active.} (28. Bd6 $1 $16 Rc8 29. b4) 28... Bxe5 $11 {[%emt 0:00:20] The position is equal.} 29. Rxe5 {[%emt 0:04:56] Threatening Ke2.} Rc8 30. Ra1 Rc2 31. Rd1 Rxb2 32. Rxd4 R2xb5 33. Rxb5 Rxb5 {[%emt 0:00:42] Weighted Error Value: White=0.10 (very precise) /Black=0.07 (flawless)} 1/2-1/2

[Event "FRA-ch Teams Top 16-B 2022"]
[Site "Chartres"]
[Date "2022.06.11"]
[Round "3.23"]
[White "Terrieux, Kevin"]
[Black "Tregubov, Pavel V."]
[Result "0-1"]
[ECO "D38"]
[WhiteElo "2448"]
[BlackElo "2541"]
[Annotator "TA"]
[PlyCount "100"]
[EventDate "2022.06.09"]
[EventType "team-tourn"]
[EventCountry "FRA"]
[SourceTitle "playchess.com"]
[Source "ChessBase"]
[SourceQuality "1"]
[TimeControl "40/5400+30:1800+30"]

1. d4 Nf6 2. c4 e6 3. Nf3 d5 4. Nc3 Bb4 5. cxd5 exd5 6. Bg5 O-O 7. e3 Bf5 {[%emt 0:00:33] D38: Queen's Gambit Declined: Ragozin Defence (4 Nf3 Bb4).} 8. Qb3 Bxc3+ 9. bxc3 {[%emt 0:01:05] 9.Qxc3 is the hot move.} Nbd7 {[%emt 0:01:05] The position is equal.} 10. Be2 c5 {[%emt 0:00:20] [#]} 11. Bxf6 $146 ({Predecessor:} 11. Qxb7 Rb8 12. Qa6 Rb2 13. Bxf6 Nxf6 14. O-O Bc8 15. Qd3 c4 16. Qd1 Ne4 17. Rc1 {0-1 (33) Mohammad,N (2526)-Bluebaum,M (2642) Chess.com INT 2017}) 11... Nxf6 12. dxc5 Qc7 13. O-O Be4 14. Nd4 Nd7 15. Rfd1 Nxc5 16. Qb4 b6 17. a4 (17. f3 $5 Bg6 18. c4 $14) 17... a5 18. Qb2 Rfe8 19. Nb3 Qe5 20. Nd4 Qg5 {[%emt 0:03:51][%csl Ge4][%cal Rg5g2] [#]} 21. Bf1 Qf6 22. Qb5 Rac8 23. Rd2 Red8 24. Rad1 Bg6 {[%emt 0:04:13] White should prevent ...Ne4.} 25. f3 {[%emt 0:01:27] Prevents Ne4.} h6 26. Re1 Rd6 27. Rdd1 Qe7 28. Ra1 Kh8 29. Qb2 Qf6 (29... Bd3 $5 ) 30. Qd2 Qe5 31. Kh1 f6 32. Bb5 Qe7 33. Kg1 Nd7 34. Bxd7 Qxd7 35. Nb5 Re6 36. Nd4 Re7 37. Qb2 Qd6 38. Qd2 Rc4 {[%emt 0:00:24] Black is more active.} 39. Qb2 Qc5 40. Ra3 Be8 41. Qa1 Bd7 42. Kf2 Re8 43. Ke2 Rc8 44. Kd2 (44. Kf2 $142) 44... Qe7 $17 45. g3 Qe8 46. Rb1 Qh5 ({Stronger than} 46... Bxa4 47. Rxb6 Bd7 48. Rd6 $15) 47. Rxb6 $2 {[%emt 0:06:43] [#] Now White is beyond hope.} (47. Rh1 $17) 47... Qxh2+ (47... Rxd4+ $142 $1 48. exd4 Qxh2+ 49. Kd1 Bf5) 48. Ne2 $19 Qf2 {[%emt 0:02:47] Hoping for ...d4.} 49. Rd6 (49. Qg1 $142 Qxf3 50. Rb2) 49... Bh3 50. f4 d4 {[%emt 0:02:46] Weighted Error Value: White=0.36/Black=0.33} 0-1

[Event "FRA-ch Teams Top 16-B 2022"]
[Site "Chartres"]
[Date "2022.06.11"]
[Round "3.24"]
[White "Benmesbah, Natacha"]
[Black "Navrotescu, Andreea"]
[Result "1-0"]
[ECO "C13"]
[WhiteElo "2251"]
[BlackElo "2318"]
[Annotator "TA"]
[PlyCount "91"]
[EventDate "2022.06.09"]
[EventType "team-tourn"]
[EventCountry "FRA"]
[SourceTitle "playchess.com"]
[Source "ChessBase"]
[SourceQuality "1"]
[TimeControl "40/5400+30:1800+30"]

1. e4 e6 2. d4 d5 3. Nc3 Nf6 4. Bg5 dxe4 5. Nxe4 Be7 6. Bxf6 gxf6 7. Qd2 e5 {[%emt 0:00:45] C13: French: Classical System: 4 Bg5 Be7, Alekhine-Chatard Attack.} 8. Nf3 f5 {[%emt 0:01:58] [#]} 9. Nc3 $146 {[%emt 0:20:31] White is more active. Pair of Knights!} (9. Ng3 $1 $16) ({Predecessor:} 9. Ng3 e4 10. Ne5 Bg5 11. Qc3 f6 12. Nc4 Nc6 13. h4 Bf4 14. Nh5 Bd6 15. Nxd6+ Qxd6 {½-½ (32) Ansell,S (2368)-Harvey,M (2317) England 2015}) 9... e4 $11 {[%emt 0:00:27] The position is equal.} 10. Ne5 Nd7 11. Nxd7 (11. Nc4 $142 $1) 11... Bxd7 12. Bc4 Bg5 13. Qe2 O-O 14. h4 Bf6 (14... Bh6 $1 $15 {is more appropriate.}) 15. O-O-O c6 (15... Bxh4 $2 16. Kb1 b5 17. g3 (17. Qh5 Qg5 $16) 17... bxc4 18. Rxh4 $18) 16. g4 (16. a4 $11) 16... b5 $15 (16... Bxh4 $2 17. gxf5 Bg5+ 18. Kb1 Bxf5 19. Nxe4 $18) 17. Bb3 a5 18. a4 b4 (18... Bxh4 $2 19. gxf5 Bg5+ 20. Kb1 Bxf5 21. Rdg1 $18 (21. Nxe4 Qe7 $16) (21. axb5 a4 $18)) 19. Nb1 c5 ({Don't do} 19... Bxh4 20. Nd2 Bg5 21. Kb1 $16) (19... fxg4 $15 20. Nd2 Bxd4 21. Nxe4 c5) 20. dxc5 $14 {[%emt 0:11:49] Black must now prevent c6.} Qe8 ({Black should try} 20... Qe7 $1 $14) 21. gxf5 {[%emt 0:07:11] Strongly threatening Rd6.} Bxf5 {[%emt 0:11:09] [#] Loses the game.} (21... Kh8 $16) 22. Rd5 $1 $18 Be5 $2 (22... Qe6 {was called for.} 23. Qe3 Bg7) 23. Qh5 Bf4+ $2 (23... Qe6 24. Rg1+ Kh8) 24. Nd2 Be6 {[%emt 0:01:37] [#]} 25. Rg5+ $1 Kh8 26. Qh6 Bxd2+ 27. Kxd2 (27. Kb1 $142 Bxg5 28. hxg5 Bf5 29. Qf6+ Kg8 30. Qxf5 h6 31. Qg6+ Kh8 32. Rxh6#) 27... Qd8+ 28. Kc1 Rg8 {[%emt 0:00:06] Prevents Qg7+.} 29. Bxe6 fxe6 30. Rxg8+ Qxg8 {[%emt 0:00:05][%mdl 4096] Endgame KQR-KQR} 31. Qf6+ Qg7 32. Qxe6 Rd8 33. Kb1 Qg6 34. Qxg6 hxg6 {[%emt 0:00:02] KR-KR} 35. Re1 Rc8 36. c6 Rxc6 37. Rxe4 Rc5 38. Rf4 Kg7 39. Kc1 Rd5 40. c3 b3 (40... bxc3 {might work better.} 41. bxc3 Rd8) 41. c4 {[%emt 0:02:16] White is clearly winning.} Rd7 (41... Rd6 $142 42. c5 Rc6) 42. c5 Rc7 43. Rc4 {[%emt 0:00:05] Hoping for c6.} Kf6 44. Kd2 {[%emt 0:02:51] c6 is the strong threat.} Ke5 45. Kc3 {[%emt 0:01:57] aiming for c6.} Kd5 46. c6 {[%emt 0:01:45] Weighted Error Value: White=0.30/Black=0.63} 1-0

[Event "FRA-ch Teams Top 16-B 2022"]
[Site "Chartres"]
[Date "2022.06.11"]
[Round "3.26"]
[White "Di Nicolantonio, Lucas"]
[Black "Buscara, Sevan"]
[Result "0-1"]
[ECO "C54"]
[WhiteElo "2399"]
[BlackElo "2385"]
[Annotator "TA"]
[PlyCount "48"]
[EventDate "2022.06.09"]
[EventType "team-tourn"]
[EventCountry "FRA"]
[SourceTitle "playchess.com"]
[Source "ChessBase"]
[SourceQuality "1"]
[TimeControl "40/5400+30:1800+30"]

1. e4 e5 2. Nf3 Nc6 3. Bc4 Nf6 4. d3 Bc5 5. Bg5 h6 6. Bh4 g5 7. Bg3 d6 8. c3 {[%emt 0:05:26] outshines the older 8.h3.} a6 {[%emt 0:02:05] C54: Giuoco Piano: 4 c3 Nf6, main lines with 5 d4 and 5 d3.} 9. a4 Ba7 10. a5 {[%emt 0:07:14] [#]} Nh7 $146 {[%emt 0:08:02] The position is equal.} ({Predecessor:} 10... Bg4 11. Nbd2 Qd7 12. Qb3 O-O-O 13. Bxf7 d5 14. exd5 Nxd5 15. Bxd5 Qxd5 16. Qxd5 Rxd5 {1-0 (50) Kosteniuk,A (2471)-Osmanodja,F (2256) Tornelo INT 2020}) 11. d4 h5 {[%emt 0:02:30] aiming for ...h4.} 12. h3 g4 (12... h4 $17 13. Bh2 exd4) 13. hxg4 $14 ({Wrong is} 13. dxe5 $2 gxf3 14. Qxf3 Ng5 $19) 13... hxg4 {[%emt 0:06:12] [#]} 14. dxe5 (14. Nxe5 $1 $14 dxe5 15. d5) 14... gxf3 $11 15. Qxf3 Be6 16. Bxe6 fxe6 17. exd6 cxd6 18. Rh6 {[%emt 0:00:44] White does not recover from this.} (18. Nd2 $15 Qc7 19. Qh5+ Qf7 20. Ke2 (20. Nc4 Qxh5 21. Rxh5 Kf7 $11)) 18... Qe7 $19 {[%emt 0:05:06] ...0-0-0 is the strong threat.} 19. Qh5+ (19. Bh4 {was necessary.} Qf7 20. Ke2) 19... Kd7 {[%emt 0:02:43] [#] Strongly threatening ...Nf6.} 20. Qh2 $2 (20. e5 Qg7 21. Qg6 (21. exd6 $2 Nf6 $19) 21... Qxg6 22. Rxg6) 20... Qg7 {[%emt 0:02:20] And now ...Nf6 would win. Black is clearly winning.} 21. Nd2 Nf6 22. Rh4 (22. Rh3 $142 Ng4 23. Qg1) 22... Ng4 23. Qh3 Rxh4 24. Bxh4 Rh8 {[%emt 0:00:28] Weighted Error Value: White=0.68/Black=0.16 (very precise)} 0-1

[Event "FRA-ch Teams Top 16-B 2022"]
[Site "Chartres"]
[Date "2022.06.11"]
[Round "3.27"]
[White "Benitah, Yohan"]
[Black "Eugene, Floryan"]
[Result "0-1"]
[ECO "E94"]
[WhiteElo "2383"]
[BlackElo "2370"]
[Annotator "TA"]
[PlyCount "76"]
[EventDate "2022.06.09"]
[EventType "team-tourn"]
[EventCountry "FRA"]
[SourceTitle "playchess.com"]
[Source "ChessBase"]
[SourceQuality "1"]
[TimeControl "40/5400+30:1800+30"]

1. d4 Nf6 2. c4 g6 3. Nc3 Bg7 4. e4 d6 5. Nf3 O-O 6. Be2 Nbd7 7. O-O e5 8. Be3 Qe7 9. Qc2 c6 10. Rfe1 h6 {[%emt 0:02:44] E94: King's Indian: Classical: 6 Be2 e5 7 0-0: Various Black 7th moves.} ({Black should try} 10... exd4 $14 11. Nxd4 (11. Bxd4 b6 $11) 11... Re8) 11. h3 exd4 12. Nxd4 Re8 {[%emt 0:02:21][%cal Rf6e4] White is slightly better.} 13. Bf1 Nc5 14. f3 Nh5 {[%emt 0:05:30] [#]} 15. Qf2 $146 ({Predecessor:} 15. Qd2 Kh7 16. g4 Nf6 17. Rad1 Nfd7 18. b4 Ne6 19. f4 {½-½ (19) Stanojevic,B (2268)-Solomunovic,I (2397) Senta 2008}) 15... g5 16. b4 Na6 17. b5 Nb8 18. Rad1 Be5 19. Nde2 Qf6 20. Nb1 Be6 21. g4 (21. Bd4 $11) 21... Nf4 $15 22. Ng3 Nd7 23. bxc6 bxc6 24. Nd2 c5 25. Rb1 Nb8 {[%emt 0:02:55] Black is much more active.} 26. Kh1 Nc6 27. Nb3 Rab8 28. Bd2 (28. Bxf4 $17 Bxf4 29. Nh5) 28... Rb6 $19 29. Red1 (29. Bxf4 $142 Bxf4 30. Nh5) 29... Reb8 30. Rbc1 a5 31. Nxa5 (31. Bxf4 {was necessary.} gxf4 32. Nh5) 31... Nxa5 ({Not} 31... Bd4 $2 32. Qh2 Nxa5 33. Bxa5 $19) 32. Bxa5 Ra6 33. Be1 Rb2 34. Rd2 Raxa2 35. Rcc2 {[%emt 0:00:23] [#]} (35. Rxb2 $142 Rxb2 36. Qe3) 35... Nxh3 $1 36. Bxh3 {[%emt 0:00:24] And now Nh5 would win.} (36. Qg2 Nf4) 36... Bxg3 37. Qxg3 Rxc2 38. Qxd6 Rxd2 {[%emt 0:00:13] Weighted Error Value: White=0.77/Black=0.11 (very precise)} 0-1

[Event "FRA-ch Teams Top 16-B 2022"]
[Site "Chartres"]
[Date "2022.06.11"]
[Round "3.28"]
[White "Hutois, Mickael"]
[Black "Brailly-Vignal, Bastien"]
[Result "1-0"]
[ECO "B84"]
[WhiteElo "2238"]
[BlackElo "2372"]
[Annotator "TA"]
[PlyCount "55"]
[EventDate "2022.06.09"]
[EventType "team-tourn"]
[EventCountry "FRA"]
[SourceTitle "playchess.com"]
[Source "ChessBase"]
[SourceQuality "1"]
[TimeControl "40/5400+30:1800+30"]

1. e4 c5 2. Nf3 d6 3. d4 cxd4 4. Nxd4 Nf6 5. Nc3 a6 6. Be2 e6 7. Be3 $1 {[%emt 0:00:21][%mdl 4] is now more promising than 7.0-0.} Nbd7 8. g4 h6 {[%emt 0:00:00] B84: Sicilian Scheveningen: 6 Be2 a6, lines without early Be3.} 9. a4 {[%emt 0:04:53] Prevents b5.} b6 {[%emt 0:00:00] [#]} 10. h4 $146 ({Predecessor:} 10. Qd2 Bb7 11. f3 Ne5 12. O-O-O Qc7 13. h4 Nc4 14. Bxc4 Qxc4 15. g5 Nd7 16. g6 {½-½ (30) Adair,J (2488)-Schroeder,J (2521) Novi Sad 2016}) 10... Bb7 {[%emt 0:00:00] The position is equal.} 11. f3 d5 12. exd5 Nxd5 13. Nxd5 Bxd5 14. Qd2 Ne5 (14... h5 $11 {keeps the balance.}) 15. O-O-O $1 $16 Qd7 16. b3 Bb7 17. f4 ({White should try} 17. Kb1 $16) 17... Bxh1 $14 18. Rxh1 Ng6 19. f5 $1 {[%emt 0:00:00] White is more active.} Ne5 20. Bf4 (20. fxe6 $14 fxe6 21. Bf4) 20... Qd5 (20... Ba3+ $11 21. Kb1 f6) 21. Rd1 {[%emt 0:00:00] Strongly threatening Qe3.} Bc5 22. fxe6 ({Don't play} 22. Nxe6 Qxd2+ 23. Kxd2 fxe6 $15) (22. Qc3 $5 Qe4 23. Nxe6 fxe6 24. Qxe5 Qxe5 25. Bxe5 $16) 22... O-O {[%emt 0:00:00] [#]} (22... fxe6 $2 23. Qe3 Nc6 24. Bf3 $18 (24. Qxe6+ Qxe6 25. Nxe6 Ba3+ 26. Kb1 Ra7 $18)) (22... f6 $1 $14) 23. exf7+ (23. Qe3 $1 $16 Qxe6 24. Qxe5 (24. Nxe6 Bxe3+ 25. Bxe3 fxe6 $14) (24. Bxe5 Rfe8 $17) 24... Qxe5 25. Bxe5) 23... Kh7 $2 {[%emt 0:00:00][%mdl 8192] [#] This costs Black the game.} (23... Kxf7 $2 24. Bxe5 b5 25. Qf4+ Kg8 26. Nf5 $18) (23... Rxf7 $14 24. Bxe5 Qxe5) 24. Qe3 $1 $18 Qxf7 (24... Rxf7 $142 25. Bxe5 Re8) 25. Bxe5 {[%emt 0:00:00] Intending Bd3+ and mate. A strong pair of Bishops.} b5 26. Bd3+ Kg8 27. Qe4 g6 28. Rf1 {[%emt 0:00:00] Weighted Error Value: White=0.14 (very precise) /Black=0.81} 1-0

[Event "FRA-ch Teams Top 16-B 2022"]
[Site "Chartres"]
[Date "2022.06.11"]
[Round "3.29"]
[White "Rouler, Charly"]
[Black "Real, Thibault"]
[Result "0-1"]
[ECO "D78"]
[WhiteElo "2345"]
[BlackElo "2262"]
[Annotator "TA"]
[PlyCount "42"]
[EventDate "2022.06.09"]
[EventType "team-tourn"]
[EventCountry "FRA"]
[SourceTitle "playchess.com"]
[Source "ChessBase"]
[SourceQuality "1"]
[TimeControl "40/5400+30:1800+30"]

1. Nf3 d5 2. g3 g6 3. Bg2 Bg7 4. d4 c6 5. O-O Nf6 6. c4 O-O 7. Nbd2 a5 8. Ne5 {[%emt 0:10:57] D78: Fianchetto Grünfeld: 6 0-0 c6.} Ng4 {[%emt 0:00:26] [#]} 9. Ndf3 $146 (9. Nef3 $11) ({Predecessor:} 9. Nxg4 Bxg4 10. cxd5 cxd5 11. h3 Bf5 12. g4 Bd7 13. Bxd5 Bc6 14. Bxc6 Nxc6 15. Nf3 Nxd4 {0-1 (52) Jobava,B (2721)-Mamedyarov,S (2726) Tbilisi 2012}) 9... Nxe5 $15 10. Nxe5 {[%emt 0:00:03] Black is slightly better.} dxc4 11. Bf4 Be6 12. Rc1 Na6 13. e4 {[%emt 0:06:09] [#]} (13. Nxc4 $15 Bxd4 14. b3) 13... Nb4 $1 $19 14. a3 Bxe5 ({Stronger than} 14... Nd3 15. Nxd3 cxd3 16. d5 cxd5 17. Qxd3 $17) 15. dxe5 Nd3 16. Rc2 Qc7 17. Qf3 (17. Be3 $17 {might work better.}) 17... Rfd8 ({Worse is} 17... Nxe5 18. Qc3 f6 19. Rd1) 18. Rd2 Nc5 19. Rfd1 b5 20. Bf1 Na4 21. Qe3 {[%emt 0:03:57] [#]} (21. Rb1 {was worth a try.}) 21... Nxb2 $1 {[%emt 0:02:39][%mdl 512] Black took control after the opening.  Weighted Error Value: White=0.40/Black=0.11 (very precise)} 0-1

[Event "FRA-ch Teams Top 16-B 2022"]
[Site "Chartres"]
[Date "2022.06.11"]
[Round "3.30"]
[White "Le Pen, Steven"]
[Black "Marzolo, Cyril"]
[Result "0-1"]
[ECO "B80"]
[WhiteElo "2090"]
[BlackElo "2376"]
[Annotator "TA"]
[PlyCount "59"]
[EventDate "2022.06.09"]
[EventType "team-tourn"]
[EventCountry "FRA"]
[SourceTitle "playchess.com"]
[Source "ChessBase"]
[SourceQuality "1"]
[TimeControl "40/5400+30:1800+30"]

1. e4 c5 2. Nf3 d6 3. d4 cxd4 4. Nxd4 Nf6 5. Nc3 e6 6. Be3 Be7 7. f3 a6 8. Qd2 b5 9. g4 Bb7 10. g5 {[%emt 0:04:53] Prevents h6. B80: Sicilian Scheveningen: 6 g3 and 6 Be3, including English Attack.} Nfd7 11. a3 Nb6 12. Rg1 {[%emt 0:17:07] White is slightly better.} N8d7 13. f4 {[%emt 0:04:13][%cal Bf3f4,Bf4f5][%mdl 32] [#]} Rc8 $146 ({Predecessor:} 13... Qc7 14. O-O-O Nc5 15. Bxb5+ axb5 16. Ndxb5 Qc6 17. Nxd6+ Bxd6 18. Qxd6 Rc8 19. Qxc6+ Rxc6 {½-½ (36) Balabanov,V (2437)-Millstone,M (2442) ICCF email 2013}) 14. f5 Ne5 {[%emt 0:03:22] White must now prevent ...Nbc4.} 15. Qf2 (15. fxe6 $16 {stays on course.} fxe6 16. O-O-O) 15... Nbc4 (15... Rxc3 $5 16. bxc3 Qc8 $15) 16. fxe6 O-O 17. Bh3 $2 {[%emt 0:11:19][%mdl 8192] Loses the game.} (17. Bxc4 $17 Nxc4 18. O-O-O (18. exf7+ Rxf7 19. Nf5 Qf8 $15)) 17... Nxb2 $19 {[%emt 0:02:41][%mdl 64] [#] Discovered Attack} 18. exf7+ Rxf7 19. Be6 Rxc3 20. Bxf7+ Kh8 $2 (20... Nxf7 21. g6 hxg6) 21. Bd2 $2 ({Wrong is} 21. Ne6 $2 Qc8 22. Bd4 Rxc2 $19) (21. Ke2 {was worth a try.} Bxe4 22. Bb3) 21... Rxc2 22. Qf5 $2 (22. Ke2 Rxd2+ 23. Kxd2 Bxe4 24. Ke2) 22... g6 {[%emt 0:08:44] Black is clearly winning.} 23. Qe6 Rc4 24. Be3 Nbd3+ {[%emt 0:02:59] Pair of Knights!} 25. Ke2 {[%emt 0:00:22] [#]} Rxd4 $1 {[%emt 0:01:08][%mdl 576] Deflection} 26. Bxd4 (26. Rad1 Rxe4) 26... Nf4+ 27. Ke3 Nxe6 28. Bxe6 Bxg5+ 29. Ke2 Qf6 {[%emt 0:02:29] ( -> ...Qf3+)} 30. Bc3 {[%emt 0:01:08] Weighted Error Value: White=1.42/Black=0.64} 0-1